 Dungeon Crawl Stone Soup version 0.20-a0-967-g62cfa5d (webtiles) character file.

144 nubinia the Digger (level 5, 0/54 HPs)
             Began as a Bultungin Earth Elementalist on Apr 7, 2017.
             Was a Follower of Trog.
             Succumbed to a kobold's poison
             ... on level 3 of the Dungeon.
             The game lasted 00:11:25 (1926 turns).

nubinia the Digger (Bultungin Earth Elementalist)   Turns: 1926, Time: 00:11:26

Health: 0/54       AC:  2    Str: 16    XL:     5   Next: 27%
Magic:  11/11      EV: 14    Int: 16    God:    Trog [*.....]
Gold:   90         SH:  0    Dex: 14    Spells: 11/12 levels left

rFire    . . .     SeeInvis +   n - +0 dagger (holy)
rCold    . . .     Gourm    .   (no shield)
rNeg     . . .     Faith    .   c - +0 robe
rPois    .         Spirit   .   (no helmet)
rElec    .         Reflect  .   (no cloak)
rCorr    .         Harm     .   (no gloves)
MR       .....                  (no boots)
Stlth    ..........             (no amulet)
Regen    0.2/turn               h - +3 ring of strength
MPRegen  0.2/turn               (no ring)

@: berserking (expiring), lethally poisoned (0 -> -19), very quick
A: short attention span, fangs 1, see invisible, strong nose
a: Berserk, Burn Spellbooks, Renounce Religion


You were on level 3 of the Dungeon.
You worshipped Trog.
Trog was aware of your devotion.
You were very hungry.

You visited 1 branch of the dungeon, and saw 3 of its levels.

You collected 90 gold pieces.

Inventory:

Hand Weapons
 n - a +0 dagger of holy wrath (weapon)
Missiles
 b - 18 stones (quivered)
Armour
 c - a +0 robe (worn)
Jewellery
 h - a +3 ring of strength (left hand)
Scrolls
 a - a scroll of remove curse {unknown}
 f - a scroll of fear {unknown}
 j - a scroll of immolation {unknown}
 k - a scroll of blinking {unknown}
 p - a scroll of enchant weapon {unknown}
Potions
 g - a potion of might
 l - a potion of lignification {unknown}
 m - a potion of brilliance {unknown}
Books
 e - a book of Geomancy

   Spells                             Type                      Level
   a - Sandblast                      Earth                        1
   b - Passwall                       Transmutation/Earth          2
   c - Stone Arrow                    Conjuration/Earth            3
   d - Petrify                        Transmutation/Earth          4
   e - Lee's Rapid Deconstruction     Earth                        5
   Trog disapproves of the use of such an item.
Comestibles
 d - 2 bread rations
 i - 2 meat rations
 o - 5 chunks of flesh


   Skills:
 + Level 0.8 Fighting
 + Level 1.7 Short Blades
 + Level 3.6 Dodging
 + Level 5.2 Stealth
 - Level 4.3 Spellcasting
   Level 1.5 Transmutations
 - Level 5.5 Earth Magic


You had 11 spell levels left.
You knew the following spells:

 Your Spells              Type           Power        Failure   Level  Hunger
a - Sandblast             Erth           ###...       1%          1    None


Dungeon Overview and Level Annotations

Branches:
Dungeon (3/15)

Altars:
Elyvilon
Hepliaklqana
Trog


Innate Abilities, Weirdness & Mutations

You have a short attention span.
You have very sharp teeth.
You have supernaturally acute eyesight. (SInv)
Your uncanny sense of smell can sniff out nearby items.


Message History

You feel sick.
The kobold hits you with a dagger of venom.
* * * LOW HITPOINT WARNING * * *
The hobgoblin hits you but does no damage.
You puncture the hobgoblin!
You feel the power of Trog in you as your rage grows.
You kill the hobgoblin!
Trog accepts your kill.
* * * LOW HITPOINT WARNING * * *
You feel sick. The orc closely misses you.
The kobold hits you but does no damage.
You are more poisoned.
* * * LOW HITPOINT WARNING * * *
You feel sick. The orc closely misses you.
Items here: )) [ †† a club; a hand axe; a leather armour; a hobgoblin corpse; an orc corpse You hit the orc.
You bite the orc.
You kill the orc!
Trog accepts your kill.
You die...

##... ......
###...≈≈≈....
....≈≈≈≈≈..#
#..≈≈♣≈≈..#
#..≈≈≈≈≈..#
♣...≈≈≈...♣
♣.......♣
♣.)@..♣
#...##
♣♣K).♣♣
......
♣♣(....♣♣
.....#
♣♣.......♣♣
.....#
♣...≈≈≈...♣
.....#
♣♣..≈≈≈≈≈..♣♣
.....#
♣...≈≈_≈≈...♣
.....#
♣♣..≈≈≈≈≈..♣♣
....#####
♣...≈≈≈...♣


You could see a kobold.

Vanquished Creatures
  An orc wizard (D:3)
  Jessica (D:2)
  4 adders
  An ooze (D:2)
  A worm (D:2)
  A dart slug (D:3)
  4 orcs
  4 bats
  2 giant cockroaches (D:1)
  5 goblins
  4 hobgoblins
  A quokka (D:2)
  2 ball pythons (D:1)
  4 frilled lizards
  4 kobolds
  5 rats
44 creatures vanquished.

Notes
Turn   | Place    | Note
-------+----------+-------------------------------------------
     0 | D:1      | nubinia the Bultungin Earth Elementalist began the quest for the Orb.
     0 | D:1      | Reached XP level 1. HP: 13/13 MP: 4/4
   286 | D:1      | Reached XP level 2. HP: 19/19 MP: 3/6
   777 | D:2      | Reached skill level 5 in Earth Magic
   777 | D:2      | Reached XP level 3. HP: 24/24 MP: 5/8
  1154 | D:2      | Found a hazy altar of Hepliaklqana.
  1210 | D:2      | Found a faded altar of an unknown god.
  1212 | D:2      | Became a worshipper of Trog the Wrathful
  1212 | D:2      | Reached * piety under Trog
  1219 | D:2      | Noticed Jessica
  1224 | D:2      | Killed Jessica
  1224 | D:2      | Reached XP level 4. HP: 19/30 MP: 10/10
  1885 | D:3      | Found a white marble altar of Elyvilon.
  1895 | D:3      | Reached skill level 1 in Short Blades
  1916 | D:3      | Reached skill level 5 in Stealth
  1916 | D:3      | Reached XP level 5. HP: 18/36 MP: 11/11
  1924 | D:3      | HP: 2/54 [poisoned by a kobold]
  1926 | D:3      | Succumbed to a kobold's poison

Vault maps used:
D:1:      minmay_arrival_diagonal_passages, kennysheep_small_spiral,
          minmay_shallow_snake_nest
D:2:      nicolae_overflow_crystal_walls, chequers_ecumenical_altar_twisty,
          first_bread, uniq_jessica
D:3:      elyvilon_altar_3

Skill      XL: |  1  2  3  4 |
---------------+-------------+-----
Spellcasting   | 4 |  4.3
Earth Magic    | 5 |  5.5
Stealth        | 3 5 |  5.2
Short Blades   | 1 |  1.7
Fighting       | |  0.8
Dodging        | |  3.6
Transmutations | |  1.5

Action                   |  1- 3 |  4- 6 || total
-------------------------+-------+-------++-------
Melee: Dagger            |    16 |    50 ||    66
       Bite              |     1 |     5 ||     6
 Cast: Sandblast         |    33 |       ||    33
Invok: Berserk           |     1 |     3 ||     4
  Use: Potion            |       |     1 ||     1
 Stab: Sleeping          |     3 |     1 ||     4
  Eat: Chunk             |     1 |     4 ||     5
Armor: Robe              |     4 |     2 ||     6
Dodge: Dodged            |    11 |    30 ||    41
